 Dungeon Crawl Stone Soup version 0.30-a0-373-gd37427bb62 (webtiles) character file.

Game seed: 2163112503431311573

645 Lobster4 the Covered (level 7, -1/57 HPs)
             Began as a Hill Orc Wanderer on Nov 24, 2022.
             Slain by a gnoll
             ... wielding a +0 halberd
              (12 damage)
             ... on level 5 of the Dungeon.
             The game lasted 00:14:34 (5060 turns).

Lobster4 the Covered (Hill Orc Wanderer)            Turns: 5060, Time: 00:14:35

Health: -1/57      AC:  9    Str: 19    XL:     7   Next: 52%
Magic:  11/11      EV: 10    Int: 13    God:
Gold:   288        SH:  0    Dex:  7    Spells: 10/11 levels left

rFire   + . .      SeeInvis .    a - +2 short sword
rCold   . . .      Faith    .    (no shield)
rNeg    . . .      Spirit   .    d - +0 scale mail {rF+}
rPois   .          Reflect  .    j - +0 helmet
rElec   .          Harm     .    (no cloak)
rCorr   .          Rampage  .    (no gloves)
Will    .....                    s - +0 pair of boots
Stlth   ..........               (no amulet)
HPRegen 0.29/turn                (no ring)
MPRegen 0.12/turn                (no ring)

@: no status effects
A: no striking features
a: no special abilities


You were on level 5 of the Dungeon.
You visited 1 branch of the dungeon, and saw 5 of its levels.

You collected 288 gold pieces.

Inventory:

Hand Weapons
 a - a +2 short sword (weapon)
 b - a +1 sling
 v - a +0 hand axe
Armour
 d - a +0 scale mail of fire resistance (worn)
 j - a +0 helmet (worn)
 m - a +0 ring mail
 s - a +0 pair of boots (worn)
 t - a +0 plate armour
 u - a +0 chain mail
Magical Staves
 p - a staff of air
Jewellery
 r - a ring of ice
Scrolls
 e - a scroll of magic mapping
 f - a scroll of enchant weapon
 h - 3 scrolls of teleportation
Potions
 g - a potion of flight
 k - a potion of haste
 n - 2 potions of brilliance


   Skills:
 + Level 3.2 Fighting
 - Level 3.0 Short Blades
 + Level 2.6 Axes
 - Level 2.0 Ranged Weapons
 + Level 4.0 Armour
 - Level 2.0 Dodging
 + Level 2.7 Spellcasting
 + Level 3.2 Ice Magic
 + Level 2.4 Evocations


You had 10 spell levels left.
You knew the following spells:

 Your Spells              Type           Power      Damage    Failure   Level
a - Freeze                Ice            40%        1d6       19%         1

Your spell library contained the following spells:

 Spells                   Type           Power      Damage    Failure   Level
 Ozocubu's Armour         Ice            10%        N/A       50%         3
 Apportation              Tloc           2%         N/A       56%         1
 Necrotise                Necr           4%         1d4       56%         1
 Summon Small Mammal      Summ           4%         N/A       56%         1
 Blink                    Tloc           2%         N/A       71%         2
 Momentum Strike          Conj/Tloc      2%         3d8       71%         2
 Ignite Poison            Fire/Tmut/Pois 1%         N/A       90%         3
 Kindle Blastsparks       Fire/Tloc/Air  2%         2d10      90%         3
 Lesser Beckoning         Tloc           2%         N/A       90%         3
 Freezing Cloud           Conj/Ice/Air   2%         6-21      100%        5


Dungeon Overview and Level Annotations

Branches:
Dungeon (5/15)
 Temple: D:4-7

Altars:
Kikubaaqudgha
Okawaru

Shops:
D:2 ?   D:5 :


Message History

You barely miss the gnoll.
The gnoll is almost dead.
The gnoll barely misses you.
The gnoll hits you with a +2 halberd of flaming!
The gnoll burns you. The gnoll barely misses you.
You hit the gnoll but do no damage.
The gnoll is almost dead.
The gnoll barely misses you. The gnoll closely misses you. x2
You hit the gnoll.
The gnoll is almost dead.
The gnoll misses you.
The gnoll hits you with a +2 halberd of flaming!
The gnoll burns you. The gnoll hits you with a +0 club.
You hit the gnoll but do no damage.
The gnoll is almost dead.
You hit the gnoll.
The gnoll is almost dead.
The gnoll barely misses you. The gnoll closely misses you. x2
You barely miss the gnoll.
The gnoll is almost dead.
The gnoll hits you from afar with a +0 halberd.
* * * LOW HITPOINT WARNING * * *
The gnoll barely misses you. The gnoll hits you with a +0 club.
* * * LOW HITPOINT WARNING * * *
You hit the gnoll.
You kill the gnoll!
The gnoll hits you with a +0 club.
* * * LOW HITPOINT WARNING * * *
The gnoll closely misses you. The gnoll attacks as you move away!
The gnoll closely misses you.
You hit the gnoll but do no damage. The gnoll closely misses you.
The gnoll hits you from afar with a +0 halberd.
* * * LOW HITPOINT WARNING * * *
You hit the gnoll but do no damage. The gnoll hits you with a +0 club.
* * * LOW HITPOINT WARNING * * *
The gnoll hits you from afar with a +0 halberd.
* * * LOW HITPOINT WARNING * * *
You feel better.
The gnoll hits you from afar with a +0 halberd!
You die...

##########
#........#
#........#
#........#
#.#
#####.@g##
#.## ##..#
#..## #g)#
#...# #..#
#...##
#..#
#....#
#(.#
#....#
#..#
##....##
#..#
.......#
#(..#


You could see 2 gnolls.

Vanquished Creatures
  3 necrophages (D:4)
  A howler monkey (D:5)
  3 hounds
  A human zombie (D:4)
  An iguana (D:3)
  Terence (D:3)
  An orc wizard (D:4)
  3 hound zombies (D:4)
  2 mummies (D:4)
  2 gnolls (D:5)
  5 adders
  2 adder zombies (D:4)
  2 worms
  2 dart slugs
  12 orcs
  3 ball pythons
  5 bats
  4 endoplasms
  9 goblins
  13 hobgoblins
  A kobold (D:1)
  5 quokkas
  3 frilled lizards
  A quokka zombie (D:4)
  3 rats
88 creatures vanquished.

Notes
Turn   | Place    | Note
-------+----------+-------------------------------------------
     0 | D:1      | Lobster4 the Hill Orc Wanderer began the quest for the Orb.
     0 | D:1      | Lobster4 set off with the following items: a +2 short
                  | sword, a +0 ring mail, a potion of curing; and the
                  | following spell memorised: Freeze; and the following spells
                  | available to memorise: Ozocubu's Armour.
     0 | D:1      | Reached XP level 1. HP: 14/14 MP: 3/3
   335 | D:1      | Reached XP level 2. HP: 22/22 MP: 4/4
   622 | D:1      | Reached skill level 1 in Fighting
   848 | D:2      | Reached XP level 3. HP: 28/28 MP: 5/5
  1234 | D:2      | Found Zoegy's Magic Scroll Shoppe.
  1727 | D:3      | Reached XP level 4. HP: 32/35 MP: 7/7
  1929 | D:3      | Reached skill level 1 in Dodging
  2169 | D:3      | Noticed Terence
  2200 | D:3      | Killed Terence
  2540 | D:3      | Reached skill level 3 in Armour
  2753 | D:3      | Reached skill level 1 in Ranged Weapons
  2779 | D:4      | Reached XP level 5. HP: 41/41 MP: 8/8
  3276 | D:4      | Reached skill level 1 in Axes
  3276 | D:4      | Reached XP level 6. HP: 36/48 MP: 9/9
  3353 | D:4      | Found an iron altar of Okawaru.
  3936 | D:4      | Found an ancient bone altar of Kikubaaqudgha.
  4094 | D:4      | Reached XP level 7. HP: 36/56 MP: 10/10
  4514 | D:5      | Entered Level 5 of the Dungeon
  4548 | D:5      | Found Dogy's Book Shop.
  4736 | D:5      | Reached skill level 4 in Armour
  5060 | D:5      | Slain by a gnoll

Illustrated notes

Levels and vault maps discovered:
D:1:      minmay_arrival_semitransparent, layout_loops_ring, minmay_tromino_v4_a
D:2:      layout_rooms, serial_shops, nicolae_shop_waterfront, serial_forest,
          infiniplex_forest_lined_2, infiniplex_forest_pool,
          infiniplex_forest_straight_4, infiniplex_forest_clump_double,
          infiniplex_forest_end_2, infiniplex_forest_end_3,
          infiniplex_forest_lined_4_way, corexii_corridor_pit,
          serial_bayou_lake_a
D:3:      layout_basic, uniq_terence
D:4:      cheibrodos_greedy_goblins, layout_rooms,
          lemuel_mausoleum_altar_kikubaaqudgha,
          mainiacjoe_overflow_tiny_flanked, chequers_serial_rivers_micro_c,
          nicolae_underground_beach
D:5:      layout_rooms, lemuel_zombie_altar_yredelemnul,
          nicolae_take_the_stairs, minivault_23

Skill      XL: |  1  2  3  4  5  6  7 |
---------------+----------------------+-----
Ice Magic      | 2 3 |  3.2
Fighting       | 1 2 3 |  3.2
Spellcasting   | 2 |  2.7
Dodging        | 1 2 |  2.0
Armour         | 3 4 |  4.0
Ranged Weapons | 1 2 |  2.0
Axes           | 1 2 |  2.6
Evocations     | 2 |  2.4
Short Blades   | |  3.0

Action                   |  1- 3 |  4- 6 |  7- 9 || total
-------------------------+-------+-------+-------++-------
Melee: Short sword       |   129 |   382 |   130 ||   641
       Punch             |     3 |     5 |       ||     8
 Fire: Sling             |    29 |    72 |    12 ||   113
Throw: Dart              |       |     4 |     4 ||     8
  Use: Scroll            |     6 |     6 |     3 ||    15
       Potion            |       |     3 |     1 ||     4
Armor: Ring mail         |    45 |    22 |       ||    67
       Skin              |       |    33 |       ||    33
       Scale mail        |       |   124 |    59 ||   183
Dodge: Dodged            |    61 |   124 |    81 ||   266

Table legend: (Time is in decaauts)
 A = Elapsed time spent in this place.
 B = Non-inter-level travel time spent in this place.
 C = Inter-level travel time spent in this place.
 D = Time resting spent in this place.
 E = Time spent auto-exploring this place.
 F = Levels seen in this place.
 G = Mean time per level.
                   A        B        C        D        E       F      G
               +--------+--------+--------+--------+--------+-----+--------+
         Total |   5028 |   4784 |    244 |    705 |   2932 |   5 | 1005.6 |
       Dungeon |   5028 |   4784 |    244 |    705 |   2932 |   5 | 1005.6 |
               +--------+--------+--------+--------+--------+-----+--------+

Top non-repeatable levels by time:
     D:4: 1631 daAuts
     D:3: 1232 daAuts
     D:2: 836 daAuts
     D:1: 787 daAuts
     D:5: 540 daAuts
